 Dungeon Crawl Stone Soup version 0.27.1-3-gb3d3a73c9e (webtiles) character file.

Game seed: 3248050826956137189

583 H0rd4k the Covered (level 7, 0/51 HPs)
             Began as a Human Artificer on Oct 26, 2021.
             Slain by a scorpion (5 damage)
             ... on level 5 of the Dungeon.
             The game lasted 00:08:29 (8648 turns).

H0rd4k the Covered (Human Artificer)                Turns: 8648, Time: 00:08:30

Health: 0/51       AC:  5    Str: 13    XL:     7   Next: 64%
Magic:  7/7        EV: 12    Int: 13    God:
Gold:   209        SH:  0    Dex: 15    Spells: 6/6 levels left

rFire    . . .     SeeInvis .   f - +0 short sword
rCold    . . .     Faith    .   (no shield)
rNeg     . . .     Spirit   .   b - +0 leather armour
rPois    .         Reflect  .   (no helmet)
rElec    .         Harm     .   r - scarf {repulsion}
rCorr    .         Rampage  .   (no gloves)
Will     .....                  s - +1 pair of boots
Stlth    ++........             (no amulet)
HPRegen  0.17/turn              (no ring)
MPRegen  0.10/turn              (no ring)

@: lethally poisoned (0 -> -10), unable to read, repel missiles
A: hooves 1, agile 1, screaming 1, inability to read while threatened
a: no special abilities


You were on level 5 of the Dungeon.
You visited 1 branch of the dungeon, and saw 6 of its levels.
You also visited: Sewer.

You collected 209 gold pieces.

Inventory:

Hand Weapons
 f - a +0 short sword (weapon)
Armour
 b - a +0 leather armour (worn)
 r - a scarf of repulsion (worn)
 s - a +1 pair of boots (worn)
Magical Staves
 j - a staff of poison
Jewellery
 y - a ring of resist corrosion
 A - a ring of resist corrosion
Wands
 u - a wand of polymorph (13)
Scrolls
 a - 3 scrolls of fear {unknown}
 d - a scroll of brand weapon {unknown}
 h - 4 scrolls of teleportation {unknown}
 i - 2 scrolls of noise {unknown}
 l - a scroll of magic mapping {unknown}
 m - 5 scrolls of amnesia {unknown}
 n - a scroll of holy word {unknown}
 o - 2 scrolls of identify {unknown}
 p - 2 scrolls of enchant armour {unknown}
Potions
 c - a potion of degeneration {unknown}
 g - a potion of haste {unknown}
 q - a potion of berserk rage {unknown}
 t - a potion of mutation
 v - a potion of attraction {unknown}
 w - a potion of magic {unknown}
 x - 3 potions of heal wounds {unknown}
 z - a potion of might {unknown}
Miscellaneous
 e - a piece from Xom's chessboard (15/15)


   Skills:
 + Level 2.8 Fighting
 + Level 3.7 Short Blades
 + Level 4.1 Armour
 + Level 3.1 Dodging
 + Level 2.1 Stealth
 + Level 4.0 Evocations


You had 6 spell levels left.
You didn't know any spells.
Your spell library was empty.

Dungeon Overview and Level Annotations

Branches:
Dungeon (6/15)              Sewer (visited)
 Temple: D:4-7

Altars:
Ashenzari
Trog
Vehumet
Yredelemnul
The Shining One

Annotations:
D:1 exclusion: downstairs


Innate Abilities, Weirdness & Mutations

You have large cloven feet.
You are agile. (Dex +2)
You occasionally shout uncontrollably at your foes.
You sometimes lose the ability to read scrolls when taking damage.


Message History

The black bear barely misses you.
You hit the black bear.
The black bear is almost dead.
The black bear bites you. The black bear claws you.
The black bear closely misses you.
The black bear bites you but does no damage.
The black bear claws you. x2
You hit the black bear.
The black bear is almost dead.
The black bear bites you. The black bear misses you.
The black bear barely misses you.
You hit the black bear.
You kill the black bear!
The scorpion closely misses you.
Your Dodging skill increases to level 3!
Your Evocations skill increases to level 4!
The scorpion barely misses you. The scorpion closely misses you.
You climb upwards.
There is a stone staircase leading down here.
The scorpion closely misses you. The scorpion barely misses you.
The scorpion stings you.
You are poisoned.
The scorpion poisons you!
You feel sick.
You feel sick.
You feel sick.
You feel sick.
You feel sick. The scorpion stings you.
* * * LOW HITPOINT WARNING * * *
You are lethally poisoned!
The scorpion poisons you!
It was a potion of mutation.
You feel extremely strange.
You lose the ability to read scrolls when threatened.
Your feet thicken and deform.
You feel the urge to shout.
You feel agile.
* * * LOW HITPOINT WARNING * * *
You feel very sick. The scorpion stings you.
You feel threatened and lose the ability to read scrolls!
You die...

#.........#
#########....#.......
#...#.....#
##..##.........
##...##.(.#
#..######......
#....####.# ##.##
##..... #.....#####
##..# ####..
#......## #..## ###
........## ##.##
.........## ##.##
..........## ##.@#
[..........###.s##
.......[....#..##
............#.##
..............#
.............##
............##
......<....##
...........#


You could see a scorpion.

Vanquished Creatures
  Eustachio (D:5)
  2 black bears
  A jelly (D:4)
  A hound skeleton (D:4)
  A howler monkey skeleton (D:4)
  A howler monkey zombie (D:5)
  2 gnolls (D:2)
  7 adders
  An adder skeleton (D:4)
  A worm (D:3)
  A dart slug (D:2)
  6 orcs
  18 ball pythons
  4 endoplasms
  4 giant cockroaches
  6 goblins
  4 hobgoblins
  2 jackals (D:1)
  3 quokkas
  3 bats
  10 frilled lizards
  5 kobolds
  6 rats
  2 bushes (D:2)
92 creatures vanquished.

Vanquished Creatures (collateral kills)
  An orc wizard (D:6)
  A gnoll (D:2)
  A howler monkey skeleton (D:6)
  An adder (D:6)
  A worm (D:5)
  A bat (D:2)
  A goblin (D:2)
7 creatures vanquished.

Vanquished Creatures (others)
  A black bear (D:5)
  A scorpion (D:6)
  An orc (D:4)
  3 plants
6 creatures vanquished.

Grand Total: 105 creatures vanquished

Notes
Turn   | Place    | Note
-------+----------+-------------------------------------------
     0 | D:1      | H0rd4k the Human Artificer began the quest for the Orb.
     0 | D:1      | Reached XP level 1. HP: 15/15 MP: 1/1
    83 | D:1      | Found a faded altar of an unknown god.
   423 | D:1      | Reached XP level 2. HP: 10/21 MP: 2/2
  1399 | D:2      | Reached XP level 3. HP: 12/26 MP: 3/3
  3286 | D:2      | Reached skill level 1 in Short Blades
  3286 | D:2      | Reached XP level 4. HP: 32/32 MP: 4/4
  3814 | D:3      | Found a glowing golden altar of the Shining One.
  4329 | D:3      | HP: 1/32 [worm (9)]
  5139 | D:4      | Reached XP level 5. HP: 32/38 MP: 5/5
  6650 | D:5      | Entered Level 5 of the Dungeon
  6692 | D:5      | Reached XP level 6. HP: 16/44 MP: 6/6
  6838 | D:5      | Found a glowing drain.
  6869 | Sewer    | Entered a sewer
  7768 | D:5      | Noticed a black bear
  7777 | D:5      | Noticed a black bear
  7871 | D:5      | You fall into a shaft and drop 1 floor!
  7903 | D:6      | Found a bloodstained altar of Trog.
  7903 | D:6      | Found a broken altar of Ashenzari.
  7908 | D:6      | Found a radiant altar of Vehumet.
  7910 | D:6      | Found a basalt altar of Yredelemnul.
  7911 | D:6      | Found a faded altar of an unknown god.
  8029 | D:6      | Noticed a two-headed ogre
  8043 | D:6      | Noticed Eustachio
  8063 | D:5      | Killed Eustachio
  8064 | D:5      | Reached XP level 7. HP: 14/51 MP: 7/7
  8648 | D:5      | Gained mutation: You sometimes lose the ability to read
                  | scrolls when taking damage. [potion of mutation]
  8648 | D:5      | Gained mutation: You have large cloven feet. [potion of
                  | mutation]
  8648 | D:5      | Gained mutation: You occasionally shout uncontrollably at
                  | your foes. [potion of mutation]
  8648 | D:5      | Gained mutation: You are agile. (Dex +2) [potion of
                  | mutation]
  8648 | D:5      | Slain by a scorpion

Illustrated notes

Levels and vault maps discovered:
D:1:      kennysheep_arrival_forest, layout_basic, basic_ecumenical_altar
D:2:      layout_rooms, serial_forest, infiniplex_forest_lined_3_way,
          infiniplex_forest_straight_5, infiniplex_forest_straight_3,
          infiniplex_forest_corner_1, infiniplex_forest_end_double,
          infiniplex_forest_clump_small, infiniplex_forest_end_2
D:3:      layout_loops_corners, nicolae_tso_swordbearing_angel,
          chequers_big_river, grunt_decor_junction, minmay_fountain_box
D:4:      layout_basic, bh_walls_and_bars
D:5:      layout_cave_pods, portal_sewer_entry_a
D:6:      layout_loops_cross, chequers_temple_overflow_minitemple, serial_shops,
          nicolae_shop_waterfront, uniq_eustachio

Skill      XL: |  1  2  3  4  5  6  7 |
---------------+----------------------+-----
Short Blades   | 1 2 3 |  3.7
Armour         | 3 4 |  4.1
Fighting       | 2 |  2.8
Stealth        | 2 |  2.1
Dodging        | 2 3 |  3.1
Evocations     | 4 |  4.0

Action                   |  1- 3 |  4- 6 |  7- 9 || total
-------------------------+-------+-------+-------++-------
Melee: Short sword       |   516 |   274 |     5 ||   795
Evoke: Wand              |     7 |    29 |     1 ||    37
  Use: Potion            |       |       |     1 ||     1
 Stab: Sleeping          |     5 |     2 |       ||     7
Armor: Leather armour    |    36 |    71 |     3 ||   110
Dodge: Dodged            |    78 |   187 |    10 ||   275
